PCL
LAS VEGAS STARS @ LANSING LUGNUTS
07/27/2023
 
TOP OF THE 1ST
Las Vegas Stars batting - Pitching for Lansing Lugnuts : RHP Jack Walker
Pitching: RHP Jack Walker
Batting: RHB Brian George 0-0: Ball
1-0: Foul Ball, location: 2F
1-1: Ball
2-1: Ball
3-1: Foul Ball, location: 2F
3-2: Base on Balls
Batting: RHB Ron Shelton 0-0: Called Strike
0-1: Ball
1-1: Called Strike
1-2: Ball
2-2: SINGLE (Line Drive, 4)
Brian George to second
Batting: RHB Cole Bradley 0-0: Called Strike
0-1: Foul Ball, location: 2F
0-2: Foul Ball, location: 2F
0-2: Ball
1-2: Strikes out looking
Batting: LHB Ricardo Vargas 0-0: Called Strike
0-1: Ball
1-1: Ball
2-1: Ball
3-1: Swinging Strike
3-2: Foul Ball, location: 2F
3-2: Strikes out swinging
Batting: LHB Eliot Helen 0-0: Ball
1-0: Ball
2-0: DOUBLE (Popup, 8LS)
Brian George scores
Ron Shelton to third
Batting: LHB Parker Marshall 0-0: Swinging Strike
0-1: Ball
1-1: Called Strike
1-2: Strikes out swinging
Top of the 1st over - 1 run(s), 2 hit(s), 0 error(s), 2 left on base; Las Vegas 1 - Lansing 0
BOTTOM OF THE 1ST
Lansing Lugnuts batting - Pitching for Las Vegas Stars : LHP Stanley Inman
Pitching: LHP Stanley Inman
Batting: RHB Taki Chikafuji 0-0: Ground out 4-3 (Groundball, 4M)
Batting: RHB Steve Hathaway 0-0: Ball
1-0: Ball
2-0: Foul Ball, location: 2F
2-1: Ball
3-1: Swinging Strike
3-2: Ground out 5-3 (Groundball, 56S)
Batting: RHB Gilberto López 0-0: SOLO HOME RUN (Flyball, 7D), Distance : 397 ft
Batting: LHB Lewis Barr 0-0: Ball
1-0: Called Strike
1-1: Ground out 4-3 (Groundball, 4)
Bottom of the 1st over - 1 run(s), 1 hit(s), 0 error(s), 0 left on base; Las Vegas 1 - Lansing 1
TOP OF THE 2ND
Las Vegas Stars batting - Pitching for Lansing Lugnuts : RHP Jack Walker
Batting: SHB Santiago Farías 0-0: Called Strike
0-1: Ball
1-1: Foul Ball, location: 2F
1-2: Foul Ball, location: 2F
1-2: Ball
2-2: Foul Ball, location: 2F
2-2: Ball
3-2: Ground out 6-3 (Groundball, 6)
Batting: RHB Tom Jacobson 0-0: Called Strike
0-1: Foul Ball, location: 2F
0-2: Ball
1-2: Foul Ball, location: 2F
1-2: Foul Ball, location: 2F
1-2: Foul Ball, location: 2F
1-2: Ground out 6-3 (Groundball, 6M)
Batting: RHB Bill McGrath 0-0: Ball
1-0: Swinging Strike
1-1: Swinging Strike
1-2: Strikes out looking
Top of the 2nd over - 0 run(s), 0 hit(s), 0 error(s), 0 left on base; Las Vegas 1 - Lansing 1
BOTTOM OF THE 2ND
Lansing Lugnuts batting - Pitching for Las Vegas Stars : LHP Stanley Inman
Batting: RHB Jeff Packard 0-0: Ball
1-0: Fly out, F7 (Line Drive, 7D)
Batting: LHB Damon Mitchell 0-0: Called Strike
0-1: Ball
1-1: Ball
2-1: Ground out 1-3 (Groundball, 13)
Batting: RHB Jim Tracy 0-0: Called Strike
0-1: Swinging Strike
0-2: Ball
1-2: Ball
2-2: Ground out 4-3 (Groundball, 4M)
Bottom of the 2nd over - 0 run(s), 0 hit(s), 0 error(s), 0 left on base; Las Vegas 1 - Lansing 1
TOP OF THE 3RD
Las Vegas Stars batting - Pitching for Lansing Lugnuts : RHP Jack Walker
Batting: RHB Brian George 0-0: Swinging Strike
0-1: Ball
1-1: Foul Ball, location: 2F
1-2: Strikes out swinging
Batting: RHB Ron Shelton 0-0: Ball
1-0: DOUBLE (Flyball, 9M)
Batting: RHB Cole Bradley 0-0: Foul Ball, location: 2F
0-1: Fly out, F8 (Flyball, 8RM)
Batting: LHB Ricardo Vargas 0-0: Called Strike
0-1: Called Strike
0-2: Ball
1-2: Ball
2-2: Foul Ball, location: 2F
2-2: Ball
3-2: Fly out, F9 (Line Drive, 9M)
Top of the 3rd over - 0 run(s), 1 hit(s), 0 error(s), 1 left on base; Las Vegas 1 - Lansing 1
BOTTOM OF THE 3RD
Lansing Lugnuts batting - Pitching for Las Vegas Stars : LHP Stanley Inman
Batting: RHB Rafael González 0-0: Fly out, F8 (Flyball, 8RXD)
Batting: RHB Gordon Langley 0-0: Ground out 1-3 (Groundball, 13S)
Batting: RHB Taki Chikafuji 0-0: Ball
1-0: Ball
2-0: Ball
3-0: Base on Balls
Batting: RHB Steve Hathaway 0-0: Ball
1-0: Fly out, F8 (Flyball, 8LXD)
Bottom of the 3rd over - 0 run(s), 0 hit(s), 0 error(s), 1 left on base; Las Vegas 1 - Lansing 1
TOP OF THE 4TH
Las Vegas Stars batting - Pitching for Lansing Lugnuts : RHP Jack Walker
Batting: LHB Eliot Helen 0-0: Ball
1-0: Ball
2-0: Foul Ball, location: 2F
2-1: Foul Ball, location: 2F
2-2: Ground out 6-3 (Groundball, 6M)
Batting: LHB Parker Marshall 0-0: Ball
1-0: Called Strike
1-1: Swinging Strike
1-2: Ball
2-2: Foul Ball, location: 2F
2-2: Strikes out swinging
Batting: SHB Santiago Farías 0-0: Foul Ball, location: 2F
0-1: Foul Ball, location: 2F
0-2: Ball
1-2: SINGLE (Groundball, 4M)
Batting: RHB Tom Jacobson 0-0: Ball
1-0: Swinging Strike
1-1: Ball
2-1: Swinging Strike
2-2: Strikes out looking
Top of the 4th over - 0 run(s), 1 hit(s), 0 error(s), 1 left on base; Las Vegas 1 - Lansing 1
BOTTOM OF THE 4TH
Lansing Lugnuts batting - Pitching for Las Vegas Stars : LHP Stanley Inman
Batting: RHB Gilberto López 0-0: Foul Ball, location: 2F
0-1: Ball
1-1: Ball
2-1: Foul Ball, location: 2F
2-2: Hit by Pitch
Batting: LHB Lewis Barr 0-0: Called Strike
0-1: Ball
1-1: Swinging Strike
1-2: Ground out 5-3 (Groundball, 56)
Gilberto López to second
Batting: RHB Jeff Packard 0-0: Ball
1-0: Called Strike
1-1: Ball
2-1: Ground out 6-3 (Groundball, 6MS)
Gilberto López to third
Batting: LHB Damon Mitchell 0-0: Ball
1-0: Foul Ball, location: 2F
1-1: Ball
2-1: Ball
3-1: Fly out, F5 (Popup, 5SF)
Bottom of the 4th over - 0 run(s), 0 hit(s), 0 error(s), 1 left on base; Las Vegas 1 - Lansing 1
TOP OF THE 5TH
Las Vegas Stars batting - Pitching for Lansing Lugnuts : RHP Jack Walker
Pitching: RHP Raúl Contreras
Batting: RHB Bill McGrath 0-0: Hit by Pitch
Batting: RHB Brian George 0-0: Called Strike
0-1: Ball
1-1: Ball
2-1: Foul Ball, location: 2F
2-2: DOUBLE (Line Drive, 7LD)
Bill McGrath to third
Batting: RHB Ron Shelton 0-0: Fly out, F9 (Flyball, 9LM)
Runner from 3rd tags up, OUT at HOME
Brian George to third
Batting: RHB Cole Bradley 0-0: Ball
1-0: Called Strike
1-1: Swinging Strike
1-2: Strikes out swinging
Top of the 5th over - 0 run(s), 1 hit(s), 0 error(s), 1 left on base; Las Vegas 1 - Lansing 1
BOTTOM OF THE 5TH
Lansing Lugnuts batting - Pitching for Las Vegas Stars : LHP Stanley Inman
Batting: RHB Jim Tracy 0-0: Ball
1-0: Ball
2-0: Swinging Strike
2-1: Swinging Strike
2-2: Strikes out swinging
Batting: RHB Rafael González 0-0: Ground out 6-3 (Groundball, 6M)
Batting: RHB Gordon Langley 0-0: Called Strike
0-1: Called Strike
0-2: Ball
1-2: Strikes out swinging
Bottom of the 5th over - 0 run(s), 0 hit(s), 0 error(s), 0 left on base; Las Vegas 1 - Lansing 1
TOP OF THE 6TH
Las Vegas Stars batting - Pitching for Lansing Lugnuts : RHP Raúl Contreras
Batting: LHB Ricardo Vargas 0-0: Ball
1-0: Called Strike
1-1: Ball
2-1: Foul Ball, location: 2F
2-2: Ball
3-2: Fly out, F4 (Line Drive, 4)
Batting: LHB Eliot Helen 0-0: Ball
1-0: Ball
2-0: Ball
3-0: Base on Balls
Batting: LHB Parker Marshall 0-0: Called Strike
0-1: Ball
1-1: Foul Ball, location: 2F
1-2: Strikes out looking
Pitching: RHP Gerald Hood
Batting: SHB Santiago Farías 0-0: Called Strike
0-1: Foul Ball, location: 2F
0-2: Foul Ball, location: 2F
0-2: Ball
1-2: Foul Ball, location: 2F
1-2: Strikes out swinging
Top of the 6th over - 0 run(s), 0 hit(s), 0 error(s), 1 left on base; Las Vegas 1 - Lansing 1
BOTTOM OF THE 6TH
Lansing Lugnuts batting - Pitching for Las Vegas Stars : LHP Stanley Inman
Batting: RHB Taki Chikafuji 0-0: Called Strike
0-1: Called Strike
0-2: Foul Ball, location: 2F
0-2: Fly out, F2 (Popup, 2RF)
Batting: RHB Steve Hathaway 0-0: Swinging Strike
0-1: Called Strike
0-2: Ball
1-2: SINGLE (Line Drive, 4MD)
Batting: RHB Gilberto López 0-0: Called Strike
0-1: Fly out, F2 (Popup, 5SF)
Batting: LHB Lewis Barr 0-0: Called Strike
Pickoff Throw to First - Error! E1
Steve Hathaway to second
0-1: Swinging Strike
0-2: Foul Ball, location: 2F
0-2: Foul Ball, location: 2F
0-2: Foul Ball, location: 2F
0-2: Ball
1-2: SINGLE (Flyball, 7S)
Steve Hathaway to third
Runner from 3rd tries for Home, SAFE, throw made home
Lewis Barr to second
Batting: RHB Jeff Packard 0-0: Called Strike
0-1: Foul Ball, location: 2F
0-2: Foul Ball, location: 2F
0-2: Ground out 1-3 (Groundball, 13)
Bottom of the 6th over - 1 run(s), 2 hit(s), 1 error(s), 1 left on base; Las Vegas 1 - Lansing 2
TOP OF THE 7TH
Las Vegas Stars batting - Pitching for Lansing Lugnuts : RHP Gerald Hood
Batting: RHB Tom Jacobson 0-0: Called Strike
0-1: Swinging Strike
0-2: Foul Ball, location: 2F
0-2: Ball
1-2: DOUBLE (Groundball, 5L)
Batting: RHB Bill McGrath 0-0: Called Strike
0-1: Sac Bunt - play at first, batter OUT! 2-3
Tom Jacobson to third
Pinch Hitting: LHB Juan Cabañas 0-0: Foul Ball, location: 2F
0-1: Ball
1-1: Ball
2-1: Bunted foul
2-2: Fly out, F8 (Flyball, 8LXD)
Runner from 3rd tags up, SCORES, no throw
Batting: RHB Ron Shelton 0-0: Foul Ball, location: 2F
0-1: Ball
1-1: Ground out 5-3 (Groundball, 5S)
Top of the 7th over - 1 run(s), 1 hit(s), 0 error(s), 0 left on base; Las Vegas 2 - Lansing 2
BOTTOM OF THE 7TH
Lansing Lugnuts batting - Pitching for Las Vegas Stars : LHP Stanley Inman
Now at SS: Orlando García
Batting: LHB Damon Mitchell 0-0: Fly out, F8 (Flyball, 8RXD)
Batting: RHB Jim Tracy 0-0: Ball
1-0: Ball
2-0: Ground out 2-3 (Groundball, 23)
Batting: RHB Rafael González 0-0: Called Strike
0-1: Called Strike
0-2: Ball
1-2: Ball
2-2: Ball
3-2: Strikes out looking
Bottom of the 7th over - 0 run(s), 0 hit(s), 0 error(s), 0 left on base; Las Vegas 2 - Lansing 2
TOP OF THE 8TH
Las Vegas Stars batting - Pitching for Lansing Lugnuts : RHP Gerald Hood
Pitching: LHP Craig Bowling
Pinch Hitting: RHB Shih-k'ai Huang 0-0: Ball
1-0: Ball
2-0: Ball
3-0: Base on Balls
Pinch Hitting: RHB Eric McDaniel 0-0: Ball
1-0: Ball
2-0: Called Strike
2-1: Fly out, F8 (Line Drive, 8RD)
Pinch Hitting: RHB Xin Zhang 0-0: Called Strike
0-1: 2-RUN HOME RUN (Line Drive, 7LD), Distance : 391 ft
Batting: LHB Parker Marshall 0-0: Swinging Strike
0-1: Swinging Strike
0-2: Foul Ball, location: 2F
0-2: Strikes out swinging
Batting: SHB Santiago Farías 0-0: Called Strike
0-1: Ground out 4-3 (Groundball, 4)
Top of the 8th over - 2 run(s), 1 hit(s), 0 error(s), 0 left on base; Las Vegas 4 - Lansing 2
BOTTOM OF THE 8TH
Lansing Lugnuts batting - Pitching for Las Vegas Stars : LHP Stanley Inman
Pitching: RHP Mike Drader
Now at 3B: Xin Zhang
Now in CF: Shih-k'ai Huang
Now in RF: Evan Slootweg
Batting: RHB Gordon Langley 0-0: Foul Ball, location: 2F
0-1: Foul Ball, location: 2F
0-2: Foul Ball, location: 2F
0-2: Ball
1-2: Ground out 6-3 (Groundball, 6M)
Batting: RHB Taki Chikafuji 0-0: Called Strike
0-1: Ball
1-1: Called Strike
1-2: Ball
2-2: Foul Ball, location: 2F
2-2: Ball
3-2: Foul Ball, location: 2F
3-2: Foul Ball, location: 2F
3-2: SOLO HOME RUN (Flyball, 9D), Distance : 397 ft
Batting: RHB Steve Hathaway 0-0: Swinging Strike
0-1: Ball
1-1: Called Strike
1-2: Foul Ball, location: 2F
1-2: Strikes out swinging
Batting: RHB Gilberto López 0-0: Ball
1-0: Swinging Strike
1-1: Foul Ball, location: 2F
1-2: Ball
2-2: Foul Ball, location: 2F
2-2: Ball
3-2: Foul Ball, location: 2F
3-2: Foul Ball, location: 2F
3-2: Foul Ball, location: 2F
3-2: Base on Balls
Batting: LHB Lewis Barr 0-0: Fly out, F3 (Line Drive, 3L)
Bottom of the 8th over - 1 run(s), 1 hit(s), 0 error(s), 1 left on base; Las Vegas 4 - Lansing 3
TOP OF THE 9TH
Las Vegas Stars batting - Pitching for Lansing Lugnuts : LHP Craig Bowling
Batting: RHB Tom Jacobson 0-0: Swinging Strike
0-1: Foul Ball, location: 2F
0-2: Ball
1-2: Strikes out looking
Batting: RHB Bill McGrath 0-0: Ball
1-0: Called Strike
1-1: Called Strike
1-2: Foul Ball, location: 2F
1-2: Strikes out swinging
Batting: RHB Orlando García 0-0: Ball
1-0: Swinging Strike
1-1: Called Strike
1-2: Ball
2-2: Foul Ball, location: 2F
2-2: Foul Ball, location: 2F
2-2: Ball
3-2: SINGLE (Line Drive, 8RS)
Pitching: RHP Aaron Abrams
Batting: RHB Ron Shelton 0-0: Ground out 5-3 (Groundball, 5S)
Top of the 9th over - 0 run(s), 1 hit(s), 0 error(s), 1 left on base; Las Vegas 4 - Lansing 3
BOTTOM OF THE 9TH
Lansing Lugnuts batting - Pitching for Las Vegas Stars : RHP Mike Drader
Pitching: RHP John Corrigan
Batting: RHB Jeff Packard 0-0: Foul Ball, location: 2F
0-1: Ball
1-1: Ball
2-1: Ground out 4-3 (Groundball, 4M)
Batting: LHB Damon Mitchell 0-0: Called Strike
0-1: Ball
1-1: Foul Ball, location: 2F
1-2: Ground out 4-3 (Groundball, 4M)
Batting: RHB Jim Tracy 0-0: Ball
1-0: Ball
2-0: Foul Ball, location: 2F
2-1: Swinging Strike
2-2: Ball
3-2: Ground out 5-3 (Groundball, 56)
Bottom of the 9th over - 0 run(s), 0 hit(s), 0 error(s), 0 left on base; Las Vegas 4 - Lansing 3
This league is powered by Out of the Park Baseball, the baseball management simulation game for PC, Mac and Linux
Wednesday, December 2nd, 2015 - OOTP Baseball 16.8 Build 38